Map: [ESL] Ghost River

Players

Nanami - Winner!

  • Race: Protoss Protoss
  • Spawn Location: 1:00

Jim

  • Race: Protoss Protoss
  • Spawn Location: 11:00

Event: ESL SC2 Masters 2024 Spring (Regional)

VOD

Have the link to the VOD?

Description

Time

  • Played on: April 14, 2024, 9:22 a.m.
  • Length: 5:28

All games in this series

Show
View Real Time Build Order
Export as new Build Order

Nanami Protoss - Winner!

Build Orders:  

Get SALT Encoding   

  12  0:00  Probe  
  13  0:12  Probe  
  14  0:17  Pylon  
  14  0:24  Probe (Chrono Boost)  
  16  0:36  Probe (Chrono Boost)  
  16  0:37  Gateway  
  16  0:42  Probe (Chrono Boost)  
  16  0:46  Assimilator  
  17  0:51  Probe  
  18  0:57  Assimilator  
  18  1:03  Probe (Chrono Boost)  
  19  1:08  Gateway  
  19  1:15  Probe (Chrono Boost)  
  20  1:22  Probe (Chrono Boost)  
  21  1:29  Cybernetics Core  
  21  1:30  Probe  
  22  1:38  Pylon  
  22  1:42  Probe  
  23  1:56  Probe  
  24  2:05  Sentry, Stalker  
  24  2:06  Warp Gate  
  28  2:12  Pylon  
  28  2:26  Probe  
  29  2:33  Stalker  
  29  2:35  Sentry  
  33  2:49  Nexus  
  33  2:57  Shield Battery  
  33  3:00  Probe  
  33  3:05  Sentry  
  36  3:13  Robotics Facility, Probe  
  36  3:19  Pylon  
  37  3:25  Probe (Chrono Boost)  
  38  3:37  Probe (Chrono Boost)  
  39  3:46  Probe (Chrono Boost)  
  40  3:51  Probe  
  40  3:55  Stalker  
  43  3:56  Stalker  
  43  4:01  Immortal (Chrono Boost)  
  48  4:11  Shield Battery  
  48  4:19  Stalker  
  48  4:21  Sentry  
  52  4:25  Pylon  
  52  4:30  Pylon  
  52  4:33  Immortal (Chrono Boost)  
  56  4:44  Stalker  
  58  4:57  Stalker  
  60  5:01  Probe x2  
  60  5:03  Pylon  
  62  5:13  Zealot  
Show
View Real Time Build Order
Export as new Build Order

Jim Protoss 

Build Orders:  

Get SALT Encoding   

  12  0:00  Probe  
  13  0:12  Probe  
  14  0:17  Pylon  
  14  0:24  Probe (Chrono Boost)  
  15  0:35  Gateway  
  15  0:37  Probe (Chrono Boost)  
  16  0:45  Probe (Chrono Boost)  
  16  0:47  Assimilator  
  17  0:51  Probe  
  17  0:56  Assimilator  
  18  1:03  Probe (Chrono Boost)  
  19  1:08  Gateway  
  19  1:12  Probe (Chrono Boost)  
  19  1:17  Probe (Chrono Boost)  
  20  1:24  Cybernetics Core  
  20  1:29  Probe  
  21  1:36  Pylon  
  21  1:41  Probe  
  22  1:53  Probe  
  23  2:01  Stalker x2  
  27  2:02  Warp Gate  
  27  2:06  Probe  
  28  2:14  Pylon  
  28  2:31  Pylon  
  28  2:37  Stalker x2  
  32  2:49  Robotics Facility  
  32  3:02  Gateway  
  32  3:07  Stalker x2  
  36  3:13  Pylon  
  36  3:33  Warp Prism (Chrono Boost)  
  36  3:52  Stalker x2  
  40  3:57  Stalker  
  40  3:59  Observer  
  42  4:07  Pylon  
  43  4:23  Stalker x2  
  47  4:25  Stalker  
  47  4:47  Stalker x2  
  47  4:48  Stalker  
  51  5:10  Stalker  
  51  5:11  Stalker x2  
Tags
 
Add a new tag
Caveats
  • Supply blocks, unpowered buildings, or Contaminate may cause inaccurate times.
  • Supply counts are checked every 10 seconds.